 Dungeon Crawl Stone Soup version 0.29-a0-334-gb41bcbb86e (webtiles) character file.

Game seed: 1844542191687116755

21 Strat the Ducker (level 2, 0/18 HPs)
             Began as a Deep Elf Abyssal Knight on Apr 13, 2022.
             Was a Believer of Lugonu.
             Constricted to death by a ball python (1 damage)
             ... on level 2 of the Dungeon.
             The game lasted 00:02:19 (681 turns).

Strat the Ducker (Deep Elf Abyssal Knight)           Turns: 681, Time: 00:02:19

Health: 0/18       AC:  3    Str: 10    XL:     2   Next: 65%
Magic:  5/5        EV:  9    Int: 14    God:    Lugonu [**....]
Gold:   16         SH:  0    Dex: 15    Spells: 1/1 levels left

rFire   . . .      SeeInvis .   a - +1 short sword
rCold   . . .      Faith    .   (no shield)
rNeg    . . .      Spirit   .   b - +0 leather armour
rPois   .          Reflect  .   (no helmet)
rElec   .          Harm     .   (no cloak)
rCorr   .          Rampage  .   (no gloves)
Will    .....                   (no boots)
Stlth   +.........              (no amulet)
HPRegen 0.06/turn               (no ring)
MPRegen 0.09/turn               (no ring)

@: constricted
A: no striking features
a: Renounce Religion, Depart the Abyss, Bend Space


You were on level 2 of the Dungeon.
You worshipped Lugonu.
Lugonu was pleased with you.
You visited 1 branch of the dungeon, and saw 2 of its levels.
You visited the Abyss 1 time.

You collected 16 gold pieces.

Inventory:

Hand Weapons
 a - a +1 short sword (weapon)
Missiles
 c - 2 poisoned darts (quivered)
 e - 32 stones
Armour
 b - a +0 leather armour (worn)
Scrolls
 f - a scroll of identify {unknown}
Potions
 d - a potion of brilliance {unknown}
 g - a potion of resistance {unknown}


   Skills:
 - Level 2.4 Fighting
 * Level 2.9 Short Blades
 - Level 0.7 Armour
 + Level 3.0 Dodging
 - Level 2.0 Invocations


You had one spell level left.
You didn't know any spells.
Your spell library was empty.

Dungeon Overview and Level Annotations

Branches:
Dungeon (2/15)

Altars:

Shops:
D:1 *


Message History

The adder bites you.
You are poisoned.
The adder poisons you!
You closely miss the adder.
The adder is almost dead.
You feel sick.
The ball python closely misses you. x2; The adder bites you.
The ball python closely misses you. The ball python grabs you.
The ball python constricts you.
You miss the adder.
The adder is almost dead.
You feel sick. The adder bites you but does no damage.
The ball python barely misses you. The ball python constricts you.
You hit the adder but do no damage.
The adder is almost dead.
You feel sick. The adder barely misses you. The ball python closely misses you.
The ball python constricts you.
* * * LOW HITPOINT WARNING * * *
The adder bites you.
* * * LOW HITPOINT WARNING * * *
You miss the adder.
The adder is severely wounded.
You feel sick.
You are no longer poisoned.
The giant cockroach barely misses you. The ball python barely misses you.
The ball python constricts you. The adder closely misses you.
The adder bites you.
* * * LOW HITPOINT WARNING * * *
You hit the adder.
You kill the adder!
Lugonu accepts your kill. The giant cockroach barely misses you.
The ball python bites you.
* * * LOW HITPOINT WARNING * * *
The ball python constricts you. The adder misses you.
Your Dodging skill increases to level 3!
You hit the adder.
The adder is heavily wounded.
The giant cockroach closely misses you. The ball python bites you.
* * * LOW HITPOINT WARNING * * *
The ball python constricts you.
You die...

#######
##.....##
##....S..#...
#....@....#
#.⌠.S†B.⌠.#
#.........#
#....⌠.⌠...#
#.....w....#
#..⌠.....⌠.#
#(....<....#
#.#.......##


You could see a worm, an adder, a giant cockroach and a ball python.

Vanquished Creatures
  An adder (D:2)
  A dart slug (D:1)
  2 ball pythons (D:1)
  2 endoplasms (D:1)
  A quokka (D:1)
  A bat (D:1)
  2 kobolds (D:1)
  2 rats (D:1)
12 creatures vanquished.

Notes
Turn   | Place    | Note
-------+----------+-------------------------------------------
     0 | Abyss:1  | Strat the Deep Elf Abyssal Knight began the quest for the
                  | Orb.
     0 | Abyss:1  | Reached XP level 1. HP: 13/13 MP: 4/4
    95 | D:1      | Escaped the Abyss
   143 | D:1      | Found Ydoipe's Assorted Antiques.
   450 | D:1      | Reached XP level 2. HP: 15/18 MP: 5/5
   681 | D:2      | Reached skill level 3 in Dodging
   681 | D:2      | Constricted to death by a ball python

Illustrated notes

Levels and vault maps discovered:
D:1:      beargit_arrival_greenhouse, layout_rooms, serial_shops, shop_statue
D:2:      layout_loops_ring, hellmonk_ecumenical_altar_blasted, serial_shops,
          shop, grunt_ministairs_10

Skill      XL: |  1  2 |
---------------+-------+-----
Dodging        | 3 |  3.0
Fighting       | |  2.4
Short Blades   | |  2.9
Armour         | |  0.7
Invocations    | |  2.0

Action                   || total
-------------------------++-------
Melee: Short sword       ||    36
Throw: Dart              ||     1
 Stab: Distracted        ||     1
       Sleeping          ||     1
Armor: Leather armour    ||    13
Dodge: Dodged            ||    59

Table legend: (Time is in decaauts)
 A = Elapsed time spent in this place.
 B = Non-inter-level travel time spent in this place.
 C = Inter-level travel time spent in this place.
 D = Time resting spent in this place.
 E = Time spent auto-exploring this place.
 F = Levels seen in this place.
 G = Mean time per level.
                   A        B        C        D        E       F      G
               +--------+--------+--------+--------+--------+-----+--------+
         Total |    679 |    679 |      0 |    210 |    105 |   3 |  226.3 |
       Dungeon |    584 |    584 |      0 |    210 |    105 |   2 |  292.0 |
         Abyss |     95 |     95 |      0 |      0 |      0 |   1 |   95.0 |
               +--------+--------+--------+--------+--------+-----+--------+

Top non-repeatable levels by time:
     D:1: 578 daAuts
 Abyss:1: 95 daAuts
     D:2: 6 daAuts
